 Seeded DCSS version 0.30.1-4-g462c640d31 (webtiles) character file.

Game seed: 16653573533833982129 (custom seed)

2237 Psyclone the Tainter (level 9, -2/59 HPs)
             Began as an Octopode Venom Mage on Sept 18, 2023.
             Was an Initiate of Gozag.
             Killed from afar by a steam dragon (23 damage)
             ... with a ball of steam
             ... on level 7 of the Dungeon.
             The game lasted 00:28:25 (7776 turns).

Psyclone the Tainter (Octopode Venom Mage)          Turns: 7776, Time: 00:28:25

Health: -2/59      AC:  1    Str:  8    XL:     9   Next: 36%
Magic:  15/29      EV: 16    Int: 27    God:    Gozag
Gold:   455        SH:  0    Dex: 18    Spells: 13/23 levels left

rFire   . . .        o - +9 staff of Olgreb {rPois∞}
rCold   + + .        (no shield)
rNeg    . . .        (helmet restricted)
rPois   ∞            i - amulet "Uranoul" {Acrobat rC++}
rElec   .            l - +6 ring of intelligence
rCorr   .            x - +6 ring of dexterity
SInv    .            B - ring of magical power
Will    .....        (no ring)
Stlth   +++          (no ring)
HPRegen 0.29/turn    (no ring)
MPRegen 0.21/turn    (no ring)
                     (no ring)

%: acrobat
@: radiating poison, gold aura
A: almost no armour, amphibious, 8 rings, camouflage 1, gelatinous body 1,
(nimble swimmer 1), tentacles, wild magic 1
a: Renounce Religion, Evoke the Staff of Olgreb, Potion Petition, Call Merchant,
Bribe Branch


You were on level 7 of the Dungeon.
You worshipped Gozag.
Gozag was aware of your devotion.
You visited 2 branches of the dungeon, and saw 8 of its levels.
You also visited: Sewer.

You collected 547 gold pieces.
You paid 92 gold pieces to Gozag.

Inventory:

Hand Weapons
 o - the +9 staff of Olgreb (weapon) {rPois∞}
   (You found it on level 3 of the Dungeon)

   It enhances your poison magic.
   It grants immunity to poison.
   It can be activated via the 'a'bility menu to radiate toxic energy, with
   effectiveness depending on Evocations skill.
Missiles
 y - 3 throwing nets {!f}
Jewellery
 i - the amulet "Uranoul" (around mantle) {Acrobat rC++}
   (You acquired it on level 1 of the Dungeon)

   [amulet of the acrobat]

   It increases your evasion while moving and waiting.
   rC:        It greatly protects you from cold.
 l - a +6 ring of intelligence (left tentacle)
 x - a +6 ring of dexterity (right tentacle)
 B - a ring of magical power (on tentacle)
Scrolls
 b - 2 scrolls of amnesia {unknown}
 c - 3 scrolls of butterflies {unknown}
 f - 3 scrolls of identify {@r1}
 j - a scroll of magic mapping {unknown}
 k - a scroll of fog {unknown}
 p - a scroll of blinking {unknown}
 q - 3 scrolls of poison {unknown}
 r - 2 scrolls of immolation {unknown}
 t - 6 scrolls of teleportation {unknown}
 u - 3 scrolls of noise {unknown}
 D - a scroll of vulnerability
 E - 2 scrolls of enchant weapon
 F - a scroll of brand weapon
 G - a scroll of fear
Potions
 a - a potion of magic
 d - 2 potions of ambrosia {unknown}
 e - a potion of attraction {unknown}
 g - a potion of curing {unknown}
 h - a potion of might {unknown}
 m - a potion of berserk rage {unknown}
 n - 2 potions of invisibility {unknown}
 s - 2 potions of haste {unknown}
 v - 4 potions of heal wounds {unknown}
 w - 2 potions of brilliance {unknown}
 z - 4 potions of mutation
 A - 2 potions of cancellation {unknown}
 C - a potion of lignification


   Skills:
 + Level 4.7 Fighting
 + Level 5.3 Dodging
 - Level 2.6 Stealth
 + Level 7.5 Spellcasting
 - Level 1.0 Transmutations
 - Level 8.0 Poison Magic


You had 13 spell levels left.
You knew the following spells:

 Your Spells              Type           Power      Damage    Failure   Level
a - Poisonous Vapours     Pois/Air       100%       N/A       3%          2
d - Mephitic Cloud        Conj/Pois/Air  47%        N/A       9%          3
v - Sting                 Tmut/Pois      100%       1d8       1%          1
x - Olgreb's Toxic Radia  Pois           81%        N/A       3%          4

Your spell library contained the following spells:

 Spells                   Type           Power      Damage    Failure   Level
 Foxfire                  Conj/Fire      52%        2x1d6     9%          1
 Sandblast                Erth           26%        2d8       9%          1
 Passwall                 Tmut/Erth      13%        N/A       11%         2
 Stone Arrow              Conj/Erth      26%        3d8       24%         3
 Leda's Liquefaction      Hex/Erth       6%         N/A       58%         4
 Fireball                 Conj/Fire      6%         3d5       88%         5
 Freezing Cloud           Conj/Ice/Air   6%         6-21      88%         5
 Plasma Beam              Fire/Air       6%         2x1d18    100%        6
 Starburst                Conj/Fire      6%         6d4       100%        6


Dungeon Overview and Level Annotations

Branches:
Dungeon (7/15) Zot: 26899  Temple (1/1) D:6 Zot: 5873   Sewer (visited)

Altars:
Ashenzari
Cheibriados
Dithmenos
Elyvilon
Fedhas
Gozag
Hepliaklqana
Kikubaaqudgha
Makhleb
Nemelex Xobeh
Okawaru
Qazlal
Ru
Sif Muna
Trog
Uskayaw
Vehumet
Xom
Yredelemnul
Zin
The Shining One

Shops:
D:2 *


Innate Abilities, Weirdness & Mutations

You cannot wear most types of armour.
You are amphibious.
You can wear up to eight rings at the same time.
Your skin changes colour to match your surroundings (Stealth+).
Your rubbery body absorbs attacks. (AC +1, EV +1)
((You are camouflaged when in or above water. (Stealth+)))
You have tentacles for arms and can constrict up to eight enemies at once.
Your spells are a little harder to cast, but a little more powerful.


Message History

The orc moves out of view.
A dart slug and an orc come into view.
Found a potion of magic.
The dart slug is poisoned.
You kill the orc!
The orc shouts!
The orc is poisoned. x2; The electric eel is poisoned.
You kill the electric eel!
You hear a splash.
You kill the orc!
You hear a splash. x2
A steam dragon comes into view.
The electric eel shoots out a bolt of lightning at you!
The bolt of electricity hits you!
The steam dragon hisses angrily.
You see here 8 gold pieces.
You take 7 damage, and have 44/59 hp.
Casting: Olgreb's Toxic Radiance (dangerous; 3% risk of failure)
Confirm with . or Enter, or press ? or * to list all spells.
You feel a surge of power!
Your toxic radiance grows in intensity.
You kill the dart slug!
The steam dragon is poisoned.
The electric eel looks even sicker.
The steam dragon looks even sicker.
The electric eel looks even sicker.
The steam dragon breathes steam at you. The ball of steam hits you!!
You take 18 damage, and have 26/59 hp.
MASSIVE DAMAGE!!
You now have 18/29 mp.
You are engulfed in a cloud of scalding steam.
You hear a splash.
You feel a bit more experienced.
You take 6 damage, and have 20/59 hp.
You hear a splash.
You feel a bit more experienced.
Casting: Olgreb's Toxic Radiance (dangerous; 3% risk of failure)
Confirm with . or Enter, or press ? or * to list all spells.
You feel a surge of power!
Your toxic radiance grows in intensity.
You hear a splash. x2
You feel a bit more experienced. The steam dragon breathes steam at you.
The ball of steam hits you!!
You die...
Your body crumbles into a pile of gold.

. #D#~ $~ ~≈≈
..###.# $~ #≈≈
#.....# #≈#≈≈
#...#.# 8#≈#$$D
#..#<.#
!≈≈≈≈~§###..#..#
#§##..#..#######
#.§#..##.#.....#
##.@.....#.###.#
#..#.##.#.....#
#....##....####
#..####.##.#
.)...# #.##.#
#####.# ##.##.#
#.###..##.#
#.##..###.#
#.#..####.#


There were no monsters in sight!

Vanquished Creatures
  Sigmund (D:3)
  A water moccasin (D:5)
  An ice beast (D:7)
  2 ogres (D:5)
  A centaur (D:5)
  A kobold brigand (D:6)
  3 phantoms
  Blork the orc (D:4)
  2 scorpions
  An electric eel (D:7)
  A howler monkey (D:6)
  A gnoll bouda (D:5)
  5 hounds
  6 jellies
  An orc priest (D:6)
  Crazy Yiuf (D:3)
  4 iguanas
  Natasha (thrice) (D:2)
  Terence (D:2)
  An orc wizard (D:4)
  8 gnolls
  15 adders
  2 shadow imps
  A white imp (D:6)
  3 worms (D:2)
  3 dart slugs
  16 orcs
  18 endoplasms
  9 giant cockroaches
  10 hobgoblins
  10 jackals
  A quokka (D:1)
  10 ball pythons
  4 bats
  13 frilled lizards
  8 goblins
  8 kobolds
  9 rats
186 creatures vanquished.

Vanquished Creatures (others)
  An electric eel (D:7)
  An orc (D:7)
2 creatures vanquished.

Grand Total: 188 creatures vanquished

Notes
Turn   | Place    | Note
-------+----------+-------------------------------------------
     0 | D:1      | Psyclone the Octopode Venom Mage began the quest for the
                  | Orb.
     0 | D:1      | Reached XP level 1. HP: 11/11 MP: 3/3
    30 | D:1      | Reached skill level 4 in Poison Magic
   134 | D:1      | Reached XP level 2. HP: 15/17 MP: 0/5
   219 | D:1      | Learned a level 2 spell: Poisonous Vapours
   287 | D:1      | Identified a scroll of acquirement
   287 | D:1      | Acquired the amulet "Uranoul" {Acrobat rC++}
   616 | D:1      | Reached XP level 3. HP: 21/21 MP: 3/6
   620 | D:1      | Reached skill level 5 in Poison Magic
  1808 | D:3      | Found a faded altar of an unknown god.
  1910 | D:3      | Found the +9 staff of Olgreb {rPois∞}
  1950 | D:3      | Reached XP level 4. HP: 27/27 MP: 1/7
  1952 | D:3      | Reached skill level 6 in Poison Magic
  2240 | D:3      | Found a runed translucent door.
  2241 | D:3      | Noticed Crazy Yiuf
  2257 | D:3      | Killed Crazy Yiuf
  2258 | D:3      | Reached XP level 5. HP: 21/31 MP: 0/8
  2766 | D:3      | Noticed Sigmund
  2783 | D:3      | Killed Sigmund
  2784 | D:3      | Reached skill level 8 in Poison Magic
  2784 | D:3      | Reached XP level 6. HP: 36/36 MP: 1/10
  3017 | D:2      | Learned a level 4 spell: Olgreb's Toxic Radiance
  3021 | D:2      | Learned a level 3 spell: Mephitic Cloud
  3168 | D:2      | Noticed Natasha
  3177 | D:2      | Killed Natasha
  3302 | D:2      | Noticed Terence
  3315 | D:2      | Killed Terence
  3472 | D:2      | Noticed Natasha
  3476 | D:2      | Killed Natasha
  3483 | D:2      | Reached XP level 7. HP: 37/41 MP: 4/12
  3732 | D:2      | Found Naoclo's General Store.
  3789 | D:2      | Noticed Natasha
  3795 | D:2      | Killed Natasha
  4051 | D:4      | Noticed Blork the orc
  4072 | D:4      | Killed Blork the orc
  4194 | D:4      | Found a glowing drain.
  4221 | Sewer    | Entered a sewer
  4278 | Sewer    | Reached skill level 5 in Spellcasting
  4569 | Sewer    | Found a viscous altar of Jiyva.
  4988 | D:4      | Reached XP level 8. HP: 47/47 MP: 11/17
  5194 | D:4      | Reached skill level 1 in Fighting
  5767 | D:4      | Gained mutation: Your spells are a little harder to cast,
                  | but a little more powerful. [potion of mutation]
  5803 | D:5      | Entered Level 5 of the Dungeon
  5907 | D:5      | Found an ancient bone altar of Kikubaaqudgha.
  6321 | D:5      | Found an opulent altar of Gozag.
  6327 | D:5      | Became a worshipper of Gozag Ym Sagoz the Greedy
  6846 | D:6      | Reached XP level 9. HP: 50/58 MP: 19/19
  6960 | D:6      | Found a staircase to the Ecumenical Temple.
  6973 | Temple   | Entered the Ecumenical Temple
  7349 | D:6      | Got Vipag's Textbook on the Grounded Wind
  7359 | D:6      | Reached skill level 5 in Dodging
  7776 | D:7      | Killed from afar by a steam dragon

Illustrated notes

Levels and vault maps discovered:
D:1:      dpeg_arrival_tiny_k, layout_loops_ring, minmay_hexomino_c4
D:2:      layout_basic, serial_shops, shop, minmay_joined_circles, uniq_natasha,
          uniq_terence
D:3:      layout_loops_corners, chequers_ecumenical_altar_simple,
          nicolae_half_adder, uniq_crazy_yiuf_cottage, uniq_sigmund
D:4:      layout_basic, gup_sewer_entry_glass, uniq_blork_the_orc
D:5:      minmay_inner_zag, layout_rooms, grunt_gozag_statues,
          lemuel_tele_altar, serial_curves, eino_curves_01, eino_curves_04
D:6:      layout_gridville, minmay_temple_entry_junction_2
D:7:      kennysheep_slugbush, layout_basic
Temple:   nicolae_temple_bog_church

Skill      XL: |  1  2  3  4  5  6  7  8  9 |
---------------+----------------------------+-----
Poison Magic   | 4 5 6 8 |  8.0
Spellcasting   | 3 6 7 |  7.5
Fighting       | 3 4 |  4.7
Dodging        | 4 5 |  5.3
Stealth        | |  2.6
Transmutations | |  1.0

Action                     |  1- 3 |  4- 6 |  7- 9 || total
---------------------------+-------+-------+-------++-------
  Melee: Unarmed           |    35 |       |       ||    35
         Constrict         |    18 |     8 |    14 ||    40
         Tentacles         |    15 |     8 |    17 ||    40
         Punch             |     2 |     1 |     3 ||     6
         Dagger            |    32 |       |       ||    32
         Staff             |     7 |    30 |    93 ||   130
   Cast: Sting             |    14 |       |    26 ||    40
         Poisonous Vapours |    16 |    25 |    48 ||    89
         Olgreb's Toxic Ra |       |     2 |    18 ||    20
    Use: Scroll            |     1 |       |     6 ||     7
         Potion            |       |       |     1 ||     1
   Stab: Sleeping          |     7 |     5 |     5 ||    17
 Armour: Skin              |     3 |       |     1 ||     4
  Dodge: Dodged            |    52 |    29 |    82 ||   163
